AoeStats
← Degausser

Arabia

509901843Analyzed
1v1 RM · 5d ago on Sep 28, 2026· 44m 33s· 2 players
Game mode
Random Map
Map size
Tiny (2 player)
Population
200
Speed
Normal
Resources
Standard
Victory
Conquest
Starting age
Dark Age
Ending age
Imperial Age
RankedLock teamsTeams togetherTeam positionsShared explorationLock speedFull tech treeHidden civsTurbo modeCheats
Victory
Defeat
🇵🇱 Ethiopians · Poland
965
+41
🇪🇸 Italians · Spain
996
-17
Degausser
8:00 Loom
10:34 Feudal Age
16:18 Horse Collar
19:10 Wheelbarrow
18:25 Double-Bit Axe
23:01 Castle Age
23:16 Crossbowman
24:47 Fletching
24:58 Padded Archer Armor
26:08 Bodkin Arrow
26:29 Leather Archer Armor
26:29 Husbandry
26:37 Scale Barding Armor
27:17 Heavy Plow
27:31 Bow Saw
32:25 Thumb Ring
35:54 Imperial Age
33:11 Town Watch
33:58 Ballistics
33:53 Forging
34:38 Chain Barding Armor
36:16 Iron Casting
35:09 Light Cavalry
36:52 Hand Cart
36:39 Bracer
37:42 Chemistry
37:10 Gold Mining
37:14 Stone Mining
36:51 Arbalester
38:08 Town Patrol
39:23 Blast Furnace
38:43 Hussar
40:33 Cavalier
Lober23
6:40 Loom
8:56 Feudal Age
13:40 Town Watch
19:12 Padded Archer Armor
19:03 Fletching
20:00 Double-Bit Axe
21:41 Horse Collar
24:33 Castle Age
23:42 Stone Mining
24:31 Gold Mining
25:53 Bow Saw
25:52 Heavy Plow
26:58 Bodkin Arrow
27:23 Leather Archer Armor
27:23 Light Cavalry
28:14 Bloodlines
27:34 Elite Skirmisher
33:27 Scale Barding Armor
33:32 Forging
35:17 Thumb Ring
35:19 Husbandry
41:58 Imperial Age
40:13 Wheelbarrow
40:06 Ballistics
39:57 Masonry
39:28 Treadmill Crane
41:09 Iron Casting
43:50 Chemistry
Connection lost

Rejoining the realm…

Still unreachable

The connection could not be restored.

Session expired

The server has moved on; the page needs a fresh start.